AoeStats
← kaysko

Migration

509587596Analyzed
1v1 RM · 5d ago on Sep 27, 2026· 52m 17s· 2 players
Game mode
Random Map
Map size
132×132
Population
200
Speed
Normal
Resources
Standard
Victory
Conquest
Starting age
Dark Age
Ending age
Imperial Age
RankedLock teamsTeams togetherTeam positionsShared explorationLock speedFull tech treeHidden civsTurbo modeCheats
Victory
Defeat
🇬🇧 Romans · United Kingdom
752
+17
🇳🇿 Malay · New Zealand
784
-17
VenerableGiraffe
0:42 Loom
17:03 Feudal Age
22:33 Fishing Lines
26:12 Castle Age
27:04 Medium Warships
28:12 Wheelbarrow
27:41 Gillnets
34:33 Imperial Age
32:26 Pikeman
38:26 Murder Holes
38:52 Ballistics
39:34 Chemistry
39:33 Fletching
45:10 Heavy Warships
49:14 Comitatenses
51:13 Bodkin Arrow
kaysko
7:02 Loom
11:36 Feudal Age
15:58 Wheelbarrow
21:01 Castle Age
20:56 Medium Warships
22:57 Double-Bit Axe
25:24 Bow Saw
24:56 Horse Collar
33:00 Scale Barding Armor
33:06 Forging
37:30 Demolition Ship
44:57 Imperial Age
42:54 Ballistics
48:55 Heavy Warships
49:17 Shipwright
49:10 Clinker Construction
50:10 Careening
Connection lost

Rejoining the realm…

Still unreachable

The connection could not be restored.

Session expired

The server has moved on; the page needs a fresh start.